 Dungeon Crawl Stone Soup version 0.17.1-3-g152610e (webtiles) character file.

66 Jerry the Grave Robber (level 4, -3/25 HPs)
             Began as a Kobold Necromancer on Mar 30, 2016.
             Killed from afar by an orc wizard (7 damage)
             ... with a magic dart
             ... on level 3 of the Dungeon.
             The game lasted 00:10:00 (2024 turns).

Jerry the Grave Robber (Kobold Necromancer)         Turns: 2024, Time: 00:10:00

Health: -3/25      AC:  3    Str:  6    XL:     4   Next: 37%
Magic:  2/8        EV: 16    Int: 14    God:
Gold:   87         SH:  0    Dex: 16    Spells: 1 memorised, 7 levels left

rFire  . . .     SeeInvis .     g - +0 whip
rCold  . . .     Clarity  .     a - +0 robe
rNeg   . . .     SustAt   .     (shield restricted)
rPois  .         Gourm    .     (no helmet)
rElec  .         Spirit   .     (no cloak)
rCorr  .         Warding  .     h - +0 pair of gloves
rMut   .         Stasis   .     (no boots)
MR     +....                    (no amulet)
Stlth  ++........               (no ring)
                                e - ring of protection from magic

@: very slightly contaminated, hasted (expiring), very quick, somewhat resistant
to hostile enchantments, unstealthy
A: carnivore 3
a: no special abilities


You were on level 3 of the Dungeon.
You were very full.

You visited 1 branch of the dungeon, and saw 3 of its levels.

You collected 87 gold pieces.

Inventory:

Hand Weapons
 g - a +0 whip (weapon)
Armour
 a - a +0 robe (worn)
 h - a +0 pair of gloves (worn)
 j - a +0 buckler
Jewellery
 e - a ring of protection from magic (left hand)
Scrolls
 k - a scroll of identify
Potions
 i - a potion of haste
Books
 b - a book of Necromancy

   Spells                             Type                      Level
   a - Pain                           Necromancy                   1
   b - Animate Skeleton               Necromancy                   1
   c - Vampiric Draining              Necromancy                   3
   d - Regeneration                   Charms/Necromancy            3
   e - Animate Dead                   Necromancy                   4
   f - Control Undead                 Necromancy                   4
Comestibles
 c - 3 meat rations
 n - a beef jerky
 q - a slice of pizza


   Skills:
 + Level 1.3 Fighting
 + Level 3.2 Dodging
 - Level 2.6 Stealth
 + Level 1.1 Shields
 + Level 2.9 Spellcasting
 - Level 4.0 Necromancy


You had 7 spell levels left.
You knew the following spells:

 Your Spells              Type           Power        Failure   Level  Hunger
a - Pain                  Necr           ##..         4%          1    #......


Dungeon Overview and Level Annotations

Branches:
Dungeon (3/15)

Altars:
The Shining One


Innate Abilities, Weirdness & Mutations

You are small and have problems with some larger weapons.
You are carnivorous and can eat meat at any time.


Message History

The orc wizard is lightly wounded.
The orc completely misses you.
You hit the orc wizard but do no damage.
The orc wizard is lightly wounded.
The orc wizard hits you with a dagger. The orc barely misses you.
You closely miss the orc wizard.
The orc wizard is lightly wounded.
The orc wizard casts a spell.
The orc wizard seems to speed up.
You closely miss the orc wizard.
The orc wizard is lightly wounded.
The orc wizard points at you and mumbles some strange words.
The magic dart hits you!
* * * LOW HITPOINT WARNING * * *
The orc hits you but does no damage.
You barely miss the orc wizard.
The orc wizard is lightly wounded.
The orc wizard casts a spell at you. The magic dart hits you!
You die...

############## #$g..g.......#
#.##########.# #.# #.#
########g# #.# #........# #.#
#........# #.#
#..ยง..)Zo##########.#
#......ooooo@)...g..#
#.......o############********
#........# *,,,,,,,,,,
#........#*********,*********
####...Z..,,,,,,,,,,,,,,,,,,,
#.#.####********,***,*****
#.#.# *,* *,* * #,#.* *,* *,*
* *,*,************,***,** *


You could see an orc wizard, a gnoll, 6 orcs and an adder skeleton.

Vanquished Creatures
  A gnoll (D:3)
  2 adders (D:2)
  A worm (D:2)
  A giant gecko (D:1)
  An orc (D:3)
  A bat (D:1)
  7 goblins
  6 hobgoblins
  4 kobolds (D:1)
  4 giant newts
  A quokka (D:2)
  4 rats
33 creatures vanquished.

Notes
Turn   | Place    | Note
--------------------------------------------------------------
     0 | D:1      | Jerry the Kobold Necromancer began the quest for the Orb.
     0 | D:1      | Reached XP level 1. HP: 10/10 MP: 3/3
   209 | D:1      | Reached XP level 2. HP: 15/15 MP: 3/5
   696 | D:1      | Reached XP level 3. HP: 17/19 MP: 6/6
  1441 | D:2      | Reached skill level 1 in Shields
  1548 | D:2      | Reached XP level 4. HP: 18/24 MP: 1/8
  1868 | D:2      | Found a glowing golden altar of the Shining One.
  1976 | D:3      | Reached skill level 1 in Fighting
  2024 | D:3      | Killed from afar by an orc wizard

Action                   |  1- 3 |  4- 6 || total
-------------------------+-------+-------++-------
Melee: Whip              |    38 |    12 ||    50
 Cast: Pain              |    38 |    12 ||    50
  Use: Scroll            |       |     7 ||     7
       Potion            |       |     3 ||     3
 Stab: Sleeping          |     3 |       ||     3
  Eat: Chunk             |    11 |     1 ||    12
